 Dungeon Crawl Stone Soup version 0.22-a0-469-gf26638a71f (webtiles) character file.

5 JUnderhill the Chiller (level 1, -2/13 HPs)
             Began as a Demonspawn Ice Elementalist on June 12, 2018.
             Slain by a jackal (3 damage)
             ... on level 1 of the Dungeon.
             The game lasted 00:00:51 (541 turns).

JUnderhill the Chiller (Demonspawn Ice Elementalist) Turns: 541, Time: 00:00:51

Health: -2/13      AC:  2    Str:  8    XL:     1   Next: 66%
Magic:  1/3        EV: 12    Int: 16    God:
Gold:   46         SH:  0    Dex: 15    Spells: 3/4 levels left

rFire    . . .     SeeInvis .   h - +0 club
rCold    . . .     Gourm    .   (no shield)
rNeg     . . .     Faith    .   a - +0 robe
rPois    .         Spirit   .   (no helmet)
rElec    .         Reflect  .   (no cloak)
rCorr    .         Harm     .   (no gloves)
MR       .....                  (no boots)
Stlth    ++........             (no amulet)
HPRegen  0.04/turn              e - +2 ring of dexterity
MPRegen  0.08/turn              (no ring)

@: very slightly contaminated
A: no striking features
a: no special abilities


You were on level 1 of the Dungeon.
You were not hungry.

You visited 1 branch of the dungeon, and saw 1 of its levels.

You collected 46 gold pieces.

Inventory:

Hand Weapons
 f - a +1 antimagic dagger
 h - a +0 club (weapon)
Armour
 a - a +0 robe (worn)
Jewellery
 e - a +2 ring of dexterity (left hand)
Scrolls
 g - a scroll of teleportation {unknown}
Potions
 b - a potion of mutation {unknown}
 d - a potion of might {unknown}
Comestibles
 c - a ration


   Skills:
 - Level 1.7 Dodging
 - Level 1.7 Stealth
 + Level 2.1 Spellcasting
   Level 1.0 Conjurations
 + Level 3.0 Ice Magic


You had 3 spell levels left.
You knew the following spells:

 Your Spells              Type           Power        Failure   Level  Hunger
a - Freeze                Ice            ##..         6%          1    #......

Your spell library contained the following spells:

 Spells                   Type           Power        Failure   Level  Hunger
 Throw Frost              Conj/Ice       #.....       14%         2    ###....
 Summon Ice Beast         Ice/Summ       #.......     73%         4    #####..
 Ozocubu's Armour         Chrm/Ice       #.......     32%         3    ###....
 Throw Icicle             Conj/Ice       #.......     65%         4    #####..


Dungeon Overview and Level Annotations

Branches:
Dungeon (1/15)

Altars:


Message History

You don't have enough magic to cast that spell.
Unknown command.
You barely miss the jackal.
The jackal is moderately wounded.
The jackal barely misses you. x2
You closely miss the jackal.
The jackal is moderately wounded.
The jackal closely misses you.
A rat comes into view.
The jackal bites you.
A kobold comes into view. It is wielding a short sword.
The jackal barely misses you. The jackal bites you. The rat bites you.
You hit the rat but do no damage. The jackal bites you.
* * * LOW HITPOINT WARNING * * *
The rat bites you.
* * * LOW HITPOINT WARNING * * *
The jackal bites you.
You die...

######.#.# #.#
....##.#.# #.#
###.##.#.###.##
#.##.#.##.#.#### ######
#.##.#.#.###...##......
###.##.)....#...g...#
....(..#####.###h#.##
..((...# ### #h#h#
###.#### #@#g# ###.#
#r#?# ....## #.#g#
.....# #>#.# ##.#.#
#.#.. #.# ...K. ##.## !


You could see 2 jackals, a hobgoblin and a rat.

Vanquished Creatures
  A goblin (D:1)
  A jackal (D:1)
  A bat (D:1)
  A frilled lizard (D:1)
  A kobold (D:1)
  A rat (D:1)
6 creatures vanquished.

Notes
Turn   | Place    | Note
-------+----------+-------------------------------------------
     0 | D:1      | JUnderhill the Demonspawn Ice Elementalist began the quest for the Orb.
     0 | D:1      | Reached XP level 1. HP: 13/13 MP: 3/3
   531 | D:1      | Reached skill level 3 in Ice Magic
   541 | D:1      | Slain by a jackal

Vault maps used:
D:1:      minmay_arrival_nine_rooms, hangedman_decor_clover_reticule,
          glass_columns_a

Skill      XL: |  1 |
---------------+----+-----
Ice Magic      | 3 |  3.0
Dodging        | |  1.7
Stealth        | |  1.7
Spellcasting   | |  2.1
Conjurations   | |  1.0

Action                   || total
-------------------------++-------
Melee: Unarmed           ||     9
       Club              ||     8
 Cast: Freeze            ||     8
Armor: Robe              ||     7
Dodge: Dodged            ||    17

Table legend:
 A = Spawn XP
 B = Non-spawn XP
 C = Spawn XP percentage of total XP
 D = Spawn monster count
 E = Non-spawn monster count
 F = Spawn count percentage of total count
 G = Total turns spent on level
                    A         B        C        D         E        F      G
               +---------+---------+-------+---------+---------+-------+---------
         Total |       0 |       8 |   0.0 |       0 |       6 |   0.0 |   541
               +---------+---------+-------+---------+---------+-------+---------
           D:1 |       0 |       8 |   0.0 |       0 |       6 |   0.0 |   541
               +---------+---------+-------+---------+---------+-------+---------
